 Dungeon Crawl Stone Soup version 0.30-a0-743-gbfdf073431 (webtiles) character file.

Game seed: 197941088557663971

21 BRD the Ducker (level 2, 23/23 HPs)
             Began as a Demonspawn Gladiator on Feb 6, 2023.
             Quit the game on level 1 of the Dungeon.
             The game lasted 00:01:11 (751 turns).

BRD the Ducker (Demonspawn Gladiator)                Turns: 751, Time: 00:01:12

Health: 23/23      AC:  4    Str: 14    XL:     2   Next: 62%
Magic:  2/2        EV: 12    Int:  9    God:
Gold:   86         SH:  0    Dex: 14    Spells: 1/1 levels left

rFire   . . .      SeeInvis .    a - +0 long sword
rCold   . . .      Faith    .    (no shield)
rNeg    . . .      Spirit   .    b - +0 leather armour
rPois   .          Reflect  .    c - +0 helmet
rElec   .          Harm     .    (no cloak)
rCorr   .          Rampage  .    (no gloves)
Will    .....                    (no boots)
Stlth   +                        (no amulet)
HPRegen 0.23/turn                (no ring)
MPRegen 0.08/turn                (no ring)

@: no status effects
A: claws 1
a: no special abilities


You were on level 1 of the Dungeon.
You visited 1 branch of the dungeon, and saw 1 of its levels.

You collected 86 gold pieces.

Inventory:

Hand Weapons
 a - a +0 long sword (weapon)
Missiles
 d - 3 throwing nets
 e - 4 javelins (quivered)
 i - 4 poisoned darts
Armour
 b - a +0 leather armour (worn)
 c - a +0 helmet (worn)
Scrolls
 f - a scroll of identify {unknown}
 h - a scroll of poison {unknown}
Potions
 g - 2 potions of might {unknown}


   Skills:
 + Level 2.3 Fighting
 + Level 3.0 Long Blades
 - Level 2.0 Throwing
 + Level 3.0 Dodging


You had one spell level left.
You didn't know any spells.
Your spell library was empty.

Dungeon Overview and Level Annotations

Branches:
Dungeon (1/15)

Altars:


Innate Abilities, Weirdness & Mutations

You have sharp fingernails.


Message History

A ball python comes into view.
A ball python is nearby!
The ball python bites you but does no damage.
The ball python grabs you. The ball python constricts you.
You closely miss the ball python. The ball python bites you.
The ball python constricts you.
You hit the ball python.
You kill the ball python!
Your Dodging skill increases to level 3!
You see here a ball python corpse.
A goblin comes into view. It is wielding a +0 dagger.
A goblin is nearby!
The goblin misses you.
You closely miss the goblin. The goblin hits you but does no damage.
You hit the goblin.
You kill the goblin!
Your Long Blades skill increases to level 3!
You see here a +0 dagger.
Found 6 stones.
No target in view!
There is an empty arch of ancient stone here.
An endoplasm comes into view.
An endoplasm is nearby!
The endoplasm quivers.
The endoplasm hits you.
You slash the endoplasm!
You kill the endoplasm!
No target in view!
You see here a +0 dagger.
There is a stone staircase leading down here.
You see here 7 stones.
i - 4 poisoned darts You open the large door.
There is a large open door here.
There is a large open door here.
Done exploring.
Done exploring.
Done exploring.
Done exploring.
Are you sure you want to abandon this character and quit the game? (Confirm with "yes".)

#.###.....)........#
......#####........#
#.##########.......#
...................#
#.############.##..###
#.# ####....# #†#
#.##.#
..###############.##.#
#...............@.##.#
#.##################.#
#.##########.........#
#............#########
##############


There were no monsters in sight!

Vanquished Creatures
  A dart slug (D:1)
  2 ball pythons (D:1)
  2 endoplasms (D:1)
  A giant cockroach (D:1)
  3 hobgoblins (D:1)
  A quokka (D:1)
  A bat (D:1)
  A frilled lizard (D:1)
  3 goblins (D:1)
  2 rats (D:1)
17 creatures vanquished.

Notes
Turn   | Place    | Note
-------+----------+-------------------------------------------
     0 | D:1      | BRD the Demonspawn Gladiator began the quest for the Orb.
     0 | D:1      | Reached XP level 1. HP: 16/16 MP: 1/1
   225 | D:1      | Gained mutation: You have sharp fingernails. [demonic
                  | ancestry]
   225 | D:1      | Reached XP level 2. HP: 22/22 MP: 2/2
   354 | D:1      | Found a faded altar of an unknown god.
   751 | D:1      | Quit the game

Illustrated notes

Levels and vault maps discovered:
D:1:      dpeg_arrival_refuge, layout_loops_ring,
          hellmonk_ecumenical_altar_arch_garden

Skill      XL: |  1  2 |
---------------+-------+-----
Throwing       | 2 |  2.0
Dodging        | 3 |  3.0
Long Blades    | 3 |  3.0
Fighting       | |  2.3

Action                     || total
---------------------------++-------
  Melee: Long sword        ||    58
   Stab: Sleeping          ||     1
 Armour: Leather armour    ||    16
  Dodge: Dodged            ||    31

Table legend: (Time is in decaauts)
 A = Elapsed time spent in this place.
 B = Non-inter-level travel time spent in this place.
 C = Inter-level travel time spent in this place.
 D = Time resting spent in this place.
 E = Time spent auto-exploring this place.
 F = Levels seen in this place.
 G = Mean time per level.
                   A        B        C        D        E       F      G
               +--------+--------+--------+--------+--------+-----+--------+
         Total |    765 |    765 |      0 |      0 |    629 |   1 |  765.0 |
       Dungeon |    765 |    765 |      0 |      0 |    629 |   1 |  765.0 |
               +--------+--------+--------+--------+--------+-----+--------+

Top non-repeatable levels by time:
     D:1: 765 daAuts
